 Dungeon Crawl Stone Soup version 0.18-a0-382-gd7addec (webtiles) character file.

56 Mindmaker the Slasher (level 4, -5/35 HPs)
             Began as a Human Fighter on Nov 30, 2015.
             Was an Initiate of Qazlal.
             Slain by Arkorax's ghost (6 damage)
             ... on level 3 of the Dungeon.
             The game lasted 00:06:25 (1777 turns).

Mindmaker the Slasher (Human Fighter)               Turns: 1777, Time: 00:06:25

Health: -5/35      AC: 11    Str: 16    XL:     4   Next: 15%
Magic:  4/4        EV:  3    Int:  9    God:    Qazlal [......]
Gold:   143        SH:  9    Dex: 13    Spells: 0 memorised, 3 levels left

rFire  . . .     SeeInvis .     a - +0 long sword
rCold  . . .     Clarity  .     o - +0 plate armour
rNeg   . . .     SustAt   .     c - +0 shield
rPois  .         Gourm    .     (no helmet)
rElec  .         Spirit   .     (no cloak)
rCorr  .         Warding  .     (no gloves)
rMut   .         Stasis   .     (no boots)
MR     .....                    (no amulet)
Stlth  ..........               (no ring)
                                (no ring)

@: not resistant to hostile enchantments, extremely unstealthy
A: no striking features
a: Renounce Religion


You were on level 3 of the Dungeon.
You worshipped Qazlal.
Qazlal was noncommittal.
You were very hungry.

You visited 1 branch of the dungeon, and saw 3 of its levels.

You collected 143 gold pieces.

Inventory:

Hand Weapons
 a - a +0 long sword (weapon)
Armour
 c - a +0 shield (worn)
 o - a +0 plate armour (worn)
Scrolls
 b - a scroll of random uselessness {unknown}
 h - 2 scrolls of identify {unknown}
 j - a scroll of remove curse {unknown}
 m - 3 scrolls of enchant armour {unknown}
Potions
 d - a potion of might
 g - a potion of curing {unknown}
 k - 3 potions of heal wounds {unknown}
 l - a potion of lignification {unknown}
Comestibles
 e - 3 bread rations
 f - a royal jelly
 i - 2 meat rations
 n - 4 fruits


   Skills:
 - Level 3.0 Fighting
 + Level 3.4 Long Blades
 - Level 3.0 Armour
 - Level 2.0 Dodging
 - Level 3.0 Shields


You had 3 spell levels left.
You didn't know any spells.

Dungeon Overview and Level Annotations

Branches:
Dungeon (3/15)

Altars:
Elyvilon
Qazlal

Annotations:
D:3 Arkorax's ghost, amateur SpGl


Message History

* * * LOW HITPOINT WARNING * * *
Drink which item? (? for menu, Esc to quit)
Okay, then.
A hobgoblin comes into view.
The hobgoblin shouts!
Arkorax's ghost hits you.
* * * LOW HITPOINT WARNING * * *
Arkorax's ghost barely misses you.
The hobgoblin hits you but does no damage.
You slash the hobgoblin!
You kill the hobgoblin!
Qazlal accepts your kill.
Arkorax's ghost hits you but does no damage.
You block Arkorax's ghost's attack.
Arkorax's ghost hits you but does no damage.
Arkorax's ghost hits you.
* * * LOW HITPOINT WARNING * * *
You block Arkorax's ghost's attack. Arkorax's ghost hits you.
You die...

#####.###########...
#.....# # #....
##.##### ... #.###
#......# ....$###.##
#..###.# ..........#
#....#.#
.?..<###..#.
#.##.#.# ... #..#.
#..<...# # #....
####@### ##.#. #W#
#.#. #.# #.#.
#.######## ###!..
#........####.....
########......####
########


You could see Arkorax's ghost.

Vanquished Creatures
  3 giant geckos
  A ball python (D:1)
  4 giant cockroaches
  6 goblins
  5 hobgoblins
  8 jackals
  A quokka (D:2)
  7 bats
  4 giant newts
  4 kobolds
  6 rats
49 creatures vanquished.

Notes
Turn   | Place    | Note
--------------------------------------------------------------
     0 | D:1      | Mindmaker the Human Fighter began the quest for the Orb.
     0 | D:1      | Reached XP level 1. HP: 18/18 MP: 1/1
    46 | D:1      | Reached XP level 2. HP: 22/24 MP: 2/2
   284 | D:1      | Reached skill level 1 in Dodging
   284 | D:1      | Reached XP level 3. HP: 24/29 MP: 3/3
   660 | D:2      | Found a stormy altar of Qazlal.
   672 | D:2      | Became a worshipper of Qazlal Stormbringer
   888 | D:2      | Found a white marble altar of Elyvilon.
  1273 | D:2      | Reached XP level 4. HP: 32/35 MP: 4/4
  1744 | D:3      | Noticed Arkorax's ghost (amateur SpGl)
  1773 | D:3      | HP: 1/35 [Arkorax's ghost (5)]
  1777 | D:3      | Slain by Arkorax's ghost

Vault maps used:
D:1:      saegor_arrival_simple_d
D:2:      grunt_qazlal_sundering, old_standard_altar
D:3:      vehumet_crystals, first_bread, minmay_misc_feat_rows,
          nicolae_dithmenos_through_a_glass_darkly, uniq_robin, uniq_purgy

Action                   |  1- 3 |  4- 6 || total
-------------------------+-------+-------++-------
Melee: Long sword        |   171 |    40 ||   211
  Eat: Chunk             |     2 |       ||     2
